 Dungeon Crawl Stone Soup version 0.29-a0-870-g2c972031a6 (webtiles) character file.

Game seed: 7452809288105586577

6447 zeratav the Prestidigitator (level 10, -2/69 (71) HPs)
             Began as an Octopode Venom Mage on July 17, 2022.
             Was an Initiate of Gozag.
             Succumbed to a gnoll sergeant's poison
             ... on level 9 of the Dungeon.
             The game lasted 00:20:47 (13935 turns).

zeratav the Prestidigitator (Octopode Venom Mage)  Turns: 13935, Time: 00:20:48

HP:   -2/69 (71)    AC:  1    Str: 13    XL:     10   Next: 99%
MP:   7/15          EV: 16    Int: 28    God:    Gozag
Gold: 1424          SH:  0    Dex: 13    Spells: 12/19 levels left

rFire   . . .      SeeInvis .   F - +2 short sword (protect) {short}
rCold   . . .      Faith    .   (no shield)
rNeg    . . .      Spirit   .   (helmet restricted)
rPois   .          Reflect  .   (no amulet)
rElec   .          Harm     .   b - +6 ring of strength
rCorr   .          Rampage  .   H - +6 ring of intelligence
Will    .....                   (no ring)
Stlth   ++++......              (no ring)
HPRegen 0.21/turn               (no ring)
MPRegen 0.14/turn               (no ring)
                                (no ring)
                                (no ring)

@: lethally poisoned (-2 -> -16), gold aura, lightly drained
A: almost no armour, amphibious, 8 rings, camouflage 1, gelatinous body 1,
(nimble swimmer 1), tentacles, low MP 1
a: Renounce Religion, Potion Petition, Call Merchant, Bribe Branch


You were on level 9 of the Dungeon.
You worshipped Gozag.
Gozag was most pleased with you.
You visited 2 branches of the dungeon, and saw 10 of its levels.
You also visited: Sewer.

You collected 1490 gold pieces.
You paid 66 gold pieces to Gozag.


Innate Abilities, Weirdness & Mutations

You cannot wear most types of armour.
You are amphibious.
You can wear up to eight rings at the same time.
Your skin changes colour to match your surroundings (Stealth+).
Your rubbery body absorbs attacks. (AC +1, EV +1)
((You are camouflaged when in or above water. (Stealth+)))
You have tentacles for arms and can constrict up to eight enemies at once.
Your magical capacity is low. (-10% MP)


   Skills:
 - Level 7.0 Fighting
 - Level 7.0 Dodging
 + Level 6.4 Stealth
 - Level 5.0 Spellcasting
 - Level 1.0 Transmutations
 - Level 9.0 Poison Magic
 - Level 10.0 Evocations


You had 12 spell levels left.
You knew the following spells:

 Your Spells              Type           Power      Damage    Failure   Level
a - Sting                 Tmut/Pois      100%       1d8       1%          1
b - Poisonous Vapours     Pois/Air       64%        N/A       1%          2
c - Olgreb's Toxic Radia  Pois           55%        N/A       1%          4

Your spell library contained the following spells:

 Spells                   Type           Power      Damage    Failure   Level
 Spider Form              Tmut/Pois      35%        N/A       2%          3
 Beastly Appendage        Tmut           24%        N/A       4%          1
 Mephitic Cloud           Conj/Pois/Air  23%        N/A       6%          3
 Wereblood                Tmut           12%        N/A       7%          2
 Gell's Gravitas          Tloc           7%         N/A       21%         3
 Lesser Beckoning         Tloc           7%         N/A       21%         3
 Ozocubu's Armour         Ice            7%         N/A       21%         3
 Teleport Other           Tloc           7%         N/A       21%         3
 Fireball                 Conj/Fire      3%         3d4       88%         5
 Starburst                Conj/Fire      3%         6d3       100%        6
 Ozocubu's Refrigeration  Ice            3%         4d5       100%        7
 Borgnjor's Revivificati  Necr           3%         N/A       100%        8
 Ignition                 Fire           3%         3d4       100%        8
 Necromutation            Tmut/Necr      4%         N/A       100%        8
 Death's Door             Necr           3%         N/A       100%        9

Inventory:

Hand Weapons
 c - a +0 sling of freezing
   (You found it on level 1 of the Dungeon)
 g - a +2 dagger of speed {short}
   (You found it on level 1 of the Dungeon)
 A - the +6 shillelagh "Devastator" {shatter}
   (You found it on level 6 of the Dungeon)

   It releases a powerful concussive burst when it strikes, dealing extra damage
   to the target and all other foes adjacent to them.
 F - a +2 short sword of protection (weapon) {short}
   (You took it off an orc on level 8 of the Dungeon)
 J - a +9 short sword {short}
   (You took it off a wight on level 9 of the Dungeon)
Jewellery
 b - a +6 ring of strength (left tentacle)
   (You found it on level 1 of the Dungeon)
 H - a +6 ring of intelligence (right tentacle)
   (You found it on level 8 of the Dungeon)
Wands
 q - a wand of roots (13)
   (You found it on level 3 of the Dungeon)
 D - a wand of light (2)
   (You found it on level 6 of the Dungeon)
 I - a wand of flame (23)
   (You took it off a kobold on level 8 of the Dungeon)
Scrolls
 d - 2 scrolls of summoning {unknown}
 f - a scroll of enchant weapon {unknown}
 h - 3 scrolls of amnesia
 i - 4 scrolls of magic mapping {!r}
 j - a scroll of blinking {unknown}
 k - 3 scrolls of enchant armour
 m - 6 scrolls of identify {@r1}
 o - 2 scrolls of poison {!r}
 r - 2 scrolls of silence {unknown}
 s - 2 scrolls of vulnerability {unknown}
 u - 3 scrolls of fog {unknown}
 y - a scroll of teleportation {unknown}
 C - 2 scrolls of noise {unknown}
 E - a scroll of fear {unknown}
Potions
 a - a potion of magic
 e - 11 potions of curing {unknown}
 l - 4 potions of flight {unknown}
 n - 2 potions of ambrosia {unknown}
 p - 2 potions of heal wounds {unknown}
 t - 3 potions of brilliance {unknown}
 v - 2 potions of lignification {unknown}
 w - 2 potions of degeneration {unknown}
 x - a potion of might {unknown}
 z - a potion of mutation {unknown}
 B - 3 potions of haste {unknown}
 G - a potion of cancellation {unknown}

Dungeon Overview and Level Annotations

Branches:
Dungeon (9/15) Zot: 25380  Temple (1/1) D:4 Zot: 5914   Sewer (visited)
   Lair: D:8-11         Orc: D:9-12

Altars:
Ashenzari
Cheibriados
Dithmenos
Elyvilon
Fedhas
Gozag
Hepliaklqana
Kikubaaqudgha
Makhleb
Nemelex Xobeh
Okawaru
Qazlal
Sif Muna
Trog
Wu Jian
Xom
Yredelemnul
Zin
The Shining One

Shops:
D:4 :

Annotations:
D:4 Menkaure
D:7 exclusion: centaur, Maggie
D:8 exclusion: 2 wights
D:9 1 runed translucent door, Erica, Grum

*,....* *,,§§§######
#*,,§§§§§§§# #.♣,♣§§§§§§#
#...♣§§§§§§#### **#..§§§§§§§§§#
##### ####§§§§§§#.*******
....###########§4§§§§#§#,,,,,*
.........§§§§§§§@@§§§§§§.*'*,*
.#.#######§#####g##§§§§#.*,*,*
.#..# #$###.§S§.###§§.*,*,**
#.#.## #g..g§§§§§...,..*,*,,*
#.#..#########§§§§§§##*,#*,**,**
#.##.#.......§§§§§§§#,,,*,,,*,,*
...#........§§§§§§§##,,,*,_,*,,*
...##.###..§§§§§§§##*,,,*,,,*,,*
#+#.#..##.g........#*,*,**,**,,*


You could see Erica, a hellwing, a water moccasin (unaware) and a gnoll
sergeant.


Message History

The quasit barely misses you. x2
HP[+1]
Your hp is fully restored (69).
You hit the quasit but do no damage. You constrict the quasit.
You kill the quasit!
The gnoll hits you from afar with a +3 spear. x2
HP[-6]
You take 6 damage, and now have 63/69 hp.
Casting: Olgreb's Toxic Radiance (dangerous; 1% risk of failure)
Confirm with . or Enter, or press ? or * to list all spells.
You begin to radiate toxic energy.
The gnoll is poisoned.
The gnoll hits you from afar with a +3 spear.
HP[-4] MP[-4]
You take 4 damage, and now have 59/69 hp.
You lost 4 mp, and now have 8/15 mp.
The gnoll shouts!
The gnoll is poisoned.
Your toxic aura wanes.
You hear a shout!
HP[+1]
Casting: Olgreb's Toxic Radiance (dangerous; 1% risk of failure)
Confirm with . or Enter, or press ? or * to list all spells.
You begin to radiate toxic energy.
The gnoll looks even sicker. x2
MP[-4]
You lost 4 mp, and now have 4/15 mp.
You kill the gnoll!
MP[+1]
Your toxic aura wanes.
You kill the gnoll!
Things that are here:
6 gold pieces; a +0 spear {polearm} The hellwing closely misses you.
The hellwing hits you!
There is a stone staircase leading down here.
HP[-6]
You take 6 damage, and now have 54/69 hp.
Erica the Fiery-Tempered comes into view.
She is wielding a +3 scimitar of flaming and carrying a wand of light (6).
Erica shouts!
You hear a shout!
The hellwing swoops through the air toward you!
The hellwing closely misses you.
The hellwing hits you but does no damage.
Aiming: Fastroot
Press: ? - help, Q - select action, (/) - cycle Shift-Dir - straight line The roots erupt in riotous growth!
Roots grab the hellwing.
The grasping roots constrict the hellwing.
The hellwing hits you. x2
HP[-10] MP[+1]
You take 10 damage, and now have 44/69 hp.
The grasping roots constrict the hellwing.
The hellwing escapes!
Erica zaps a wand.
The bolt of light misses you.
HP[+1]
The hellwing attacks as you move away! The hellwing hits you. x2
The gnoll sergeant hits you with a +2 spear of venom.
* * * LOW HITPOINT WARNING * * *
You are poisoned.
There is a stone staircase leading down, spattered with blood here.
HP[-13]
You take 13 damage, and now have 32/69 hp.
As you read the scroll labelled BEOGAI HISATUSS, it crumbles to dust.
It is a scroll of enchant armour.
You aren't carrying any armour which can be enchanted further.
You feel very sick. The hellwing hits you.
* * * LOW HITPOINT WARNING * * *
The hellwing barely misses you.
The gnoll sergeant hits you with a +2 spear of venom.
* * * LOW HITPOINT WARNING * * *
You are lethally poisoned!
HP[-14]
You take 14 damage, and now have 18/69 hp.
MASSIVE DAMAGE!! (PAUSE)
As you read the scroll labelled TOLAYN QESUIHU, it crumbles to dust.
You feel aware of your surroundings.
You sensed 1 altar.
It was a scroll of magic mapping.
* * * LOW HITPOINT WARNING * * *
You feel very sick.
The water moccasin is distracted by your dazzling golden aura.
Erica completely misses you. The hellwing closely misses you.
The hellwing hits you.
* * * LOW HITPOINT WARNING * * *
The gnoll sergeant misses you.
HP[-8]
You take 8 damage, and now have 10/69 hp.
As you read the scroll labelled SEKA FILEACK, it crumbles to dust.
It is a scroll of identify.
h - 3 scrolls of amnesia
* * * LOW HITPOINT WARNING * * *
You feel very sick. Erica closely misses you. The hellwing misses you.
The hellwing hits you.
* * * LOW HITPOINT WARNING * * *
The gnoll sergeant barely misses you.
HP[-9]
You take 9 damage, and now have 1/69 hp.
The air fills with toxic fumes!
As you read the scroll labelled AXOIFI NOJYGH, it crumbles to dust.
It was a scroll of poison.
You die...
Your body crumbles into a pile of gold.

Skill      XL: |  1  2  3  4  5  6  7  8  9 10 |
---------------+-------------------------------+-----
Stealth        | 3 4 5 6 |  6.4
Poison Magic   | 4 5 7 8 9 |  9.0
Fighting       | 2 5 7 |  7.0
Dodging        | 3 6 7 |  7.0
Spellcasting   | 5 |  5.0
Evocations     | 5 10 | 10.0
Transmutations | |  1.0

Action                   |  1- 3 |  4- 6 |  7- 9 | 10-12 || total
-------------------------+-------+-------+-------+-------++-------
Melee: Unarmed           |     3 |       |       |       ||     3
       Dagger            |    48 |   119 |   209 |       ||   376
       Constrict         |     9 |    22 |    35 |    13 ||    79
       Tentacles         |     6 |    23 |    44 |    31 ||   104
       Punch             |     1 |     2 |     4 |     2 ||     9
       Short sword       |       |       |     4 |    98 ||   102
 Fire: Sling             |     1 |       |       |       ||     1
 Cast: Sting             |    10 |    13 |    17 |    12 ||    52
       Poisonous Vapours |       |    16 |    16 |     7 ||    39
       Olgreb's Toxic Ra |       |       |    36 |    27 ||    63
Evoke: Wand              |       |       |       |     6 ||     6
  Use: Potion            |       |       |     1 |       ||     1
       Scroll            |       |       |       |     4 ||     4
 Stab: Sleeping          |     8 |    10 |    26 |       ||    44
       Distracted        |     1 |       |       |       ||     1
       Invisible         |       |       |       |     1 ||     1
Armor: Skin              |     3 |     7 |     2 |    19 ||    31
Dodge: Dodged            |    30 |    45 |   113 |   105 ||   293

Levels and vault maps discovered:
D:1:      lightli_arrival_statue_moat, layout_loops_cross, serial_glass,
          glass_columns_a, glass_columns_a,
          shapermc_ecumenical_altar_totnotflames, minmay_hedge_maze
D:2:      layout_loops_ring, uniq_natasha, uniq_robin
D:3:      layout_rooms, nicolae_yredelemnul_corpse_copse, lemuel_crystal_altar,
          interstate_on_off, minmay_fractal_squares_5
D:4:      layout_loops_corners, minmay_temple_entry_butterflies, serial_shops,
          shop, chequers_serial_rivers_small_a, uniq_menkaure, uniq_ijyb
D:5:      layout_loops_ring, chequers_temple_overflow_statue_of_worship
D:6:      layout_loops_ring, mainiacjoe_overflow_small_starburst,
          nicolae_dithmenos_shadow_blocks, gup_sewer_entry_bubbles,
          dilly_guarded_unrand_devastator
D:7:      layout_loops_ring, lightli_corner_chamber, uniq_maggie
D:8:      layout_loops_cross, uniq_pikel
D:9:      minmay_the_grid_four_pointed_star
          [minmay_the_grid_triangle_9x9_subtriangle,
          minmay_the_grid_triangle_9x9_zippers_horizontal,
          minmay_the_grid_triangle_9x9_corrupted_corridor,
          minmay_the_grid_triangle_9x9_sparse_checkered,
          minmay_the_grid_prize_shrinking_boxes], layout_basic, bloody_makhleb,
          mainiacjoe_overflow_surrounded_room, serial_demonic, serial_demonic_d,
          serial_demonic_c, serial_demonic_a, serial_demonic_c,
          serial_demonic_d, gammafunk_ghost_hydra_chop, uniq_erica, uniq_grum,
          uniq_psyche
Temple:   eino_wide_crystal_templ

Notes
Turn   | Place    | Note
-------+----------+-------------------------------------------
     0 | D:1      | zeratav the Octopode Venom Mage began the quest for the
                  | Orb.
     0 | D:1      | Reached XP level 1. HP: 11/11 MP: 3/3
     0 | D:1      | magus.rc [v1.9.6]
   100 | D:1      | Reached skill level 3 in Stealth
   300 | D:1      | Reached XP level 2. HP: 17/17 MP: 5/5
   319 | D:1      | Reached skill level 4 in Poison Magic
   540 | D:1      | Found a faded altar of an unknown god.
  1031 | D:1      | Reached XP level 3. HP: 12/21 MP: 2/6
  1229 | D:1      | You pick up a book of Changes and begin reading...
  1229 | D:1      | You add the spells Beastly Appendage, Wereblood and Spider
                  | Form to your library.
  1403 | D:1      | Reached skill level 4 in Stealth
  1506 | D:2      | Noticed Natasha
  1513 | D:2      | Killed Natasha
  1719 | D:2      | Reached XP level 4. HP: 25/27 MP: 7/7
  1822 | D:2      | Noticed a scorpion
  1829 | D:2      | Learned a level 2 spell: Poisonous Vapours
  1833 | D:2      | Killed a scorpion
  1834 | D:2      | Reached skill level 5 in Stealth
  1834 | D:2      | Reached skill level 5 in Poison Magic
  1856 | D:2      | Noticed Natasha
  1905 | D:2      | Reached XP level 5. HP: 31/31 MP: 8/8
  1937 | D:2      | Killed Natasha
  1970 | D:2      | Noticed Natasha
  1978 | D:2      | Killed Natasha
  1979 | D:2      | Reached skill level 6 in Poison Magic
  2190 | D:2      | Noticed Robin
  2206 | D:2      | Killed Robin
  2727 | D:3      | Reached skill level 7 in Poison Magic
  2727 | D:3      | Reached XP level 6. HP: 36/36 MP: 9/9
  2749 | D:3      | Found a hazy altar of Hepliaklqana.
  3370 | D:3      | Reached skill level 8 in Poison Magic
  3923 | D:3      | Found a basalt altar of Yredelemnul.
  4019 | D:4      | Found Buomonol's Book Emporium.
  4026 | D:4      | Noticed Menkaure
  4093 | D:4      | Found a staircase to the Ecumenical Temple.
  4120 | Temple   | Entered the Ecumenical Temple
  4194 | Temple   | Became a worshipper of Gozag Ym Sagoz the Greedy
  4235 | D:4      | Reached XP level 7. HP: 27/41 MP: 10/10
  4344 | D:4      | Identified the +7 leather armour of Imperfection {Rampage
                  | rF- Int+4}
  4367 | D:4      | Learned a level 4 spell: Olgreb's Toxic Radiance
  4512 | D:4      | Reached skill level 9 in Poison Magic
  4527 | D:4      | Reached skill level 1 in Fighting
  4740 | D:4      | You pick up a book of Displacement and begin reading...
  4740 | D:4      | You add the spells Lesser Beckoning, Gell's Gravitas and
                  | Teleport Other to your library.
  4840 | D:4      | Reached skill level 2 in Fighting
  4840 | D:4      | Reached skill level 3 in Dodging
  5506 | D:4      | Noticed Ijyb
  5525 | D:4      | Killed Ijyb
  5526 | D:4      | Reached XP level 8. HP: 33/51 MP: 2/11
  5553 | D:4      | Reached skill level 3 in Fighting
  5630 | D:4      | Reached skill level 4 in Dodging
  6089 | D:5      | Entered Level 5 of the Dungeon
  6336 | D:5      | Reached skill level 4 in Fighting
  6338 | D:5      | HP: 13/54 [poisoned by a water moccasin]
  6343 | D:5      | HP: 8/54 [poisoned by a water moccasin]
  6788 | D:5      | Reached skill level 5 in Dodging
  6955 | D:5      | You add the spells Borgnjor's Revivification, Necromutation
                  | and Death's Door to your library.
  7103 | D:5      | Found a sparkling altar of Nemelex Xobeh.
  7103 | D:5      | Found a glowing silver altar of Zin.
  7103 | D:5      | Found a glowing golden altar of the Shining One.
  7104 | D:5      | Found a shimmering altar of Xom.
  7561 | D:6      | Found a shadowy altar of Dithmenos.
  7671 | D:6      | Reached skill level 5 in Fighting
  7704 | D:6      | Found the +6 shillelagh "Devastator" {shatter}
  7764 | D:6      | Found a glowing drain.
  7787 | Sewer    | Entered a sewer
  8269 | D:6      | Reached skill level 6 in Dodging
  8615 | D:6      | Found an ancient bone altar of Kikubaaqudgha.
  8725 | D:6      | Reached XP level 9. HP: 51/61 MP: 12/12
  9279 | D:7      | Reached skill level 6 in Fighting
  9558 | D:7      | Noticed a boulder beetle
  9845 | D:7      | Reached skill level 7 in Dodging
  9964 | D:7      | HP: 7/63 [wyvern (19)]
  9966 | D:7      | Reached skill level 7 in Fighting
 10287 | D:7      | Noticed Maggie
 10500 | D:7      | Identified the +2 bardiche "Aggi" {drain, Int+4}
 10735 | D:8      | Reached skill level 3 in Spellcasting
 10947 | D:8      | Noticed Pikel
 10957 | D:8      | Killed Pikel
 10958 | D:8      | Reached skill level 5 in Spellcasting
 10958 | D:8      | Reached skill level 1 in Evocations
 11074 | D:8      | Noticed a two-headed ogre
 11123 | D:8      | Killed a two-headed ogre
 11124 | D:8      | Reached skill level 5 in Evocations
 11124 | D:8      | Reached XP level 10. HP: 37/71 MP: 9/17
 11593 | D:8      | Reached skill level 6 in Evocations
 11614 | D:8      | Reached skill level 7 in Evocations
 12190 | D:8      | You pick up a book of Fire and begin reading...
 12190 | D:8      | You add the spells Fireball, Starburst and Ignition to your
                  | library.
 12345 | D:9      | Reached skill level 8 in Evocations
 12370 | D:9      | Noticed Grum
 12612 | D:9      | Reached skill level 9 in Evocations
 12644 | D:9      | Noticed a soul eater
 12782 | D:9      | Gained mutation: Your magical capacity is low. (-10% MP) [a
                  | neqoxec]
 12877 | D:9      | HP: 9/71 [hellwing (13)]
 12882 | D:9      | HP: 1/71 [hellwing (9)]
 13378 | D:9      | You add the spells Ozocubu's Armour and Ozocubu's
                  | Refrigeration to your library.
 13398 | D:9      | HP: 15/64 [vampire mosquito (4)]
 13399 | D:9      | HP: 7/64 [vampire mosquito (8)]
 13416 | D:9      | Reached skill level 10 in Evocations
 13724 | D:9      | Reached skill level 6 in Stealth
 13773 | D:9      | Noticed a smoke demon
 13870 | D:9      | Found a runed translucent door.
 13887 | D:9      | Noticed a green ugly thing
 13887 | D:9      | Noticed a sun demon
 13888 | D:9      | Noticed a cyan ugly thing
 13907 | D:9      | Found a burning altar of Makhleb.
 13925 | D:9      | Noticed Erica
 13933 | D:9      | HP: 14/69 [poisoned by a gnoll sergeant]
 13934 | D:9      | HP: 5/69 [poisoned by a gnoll sergeant]
 13934 | D:9      | HP: 1/69 [hellwing (4)]
 13935 | D:9      | Succumbed to a gnoll sergeant's poison

Vanquished Creatures
  A two-headed ogre (D:8)
  Pikel (D:8)
  A hellwing (D:9)
  A troll (D:9)
  A wyvern (D:7)
  8 yaks
  3 steam dragons
  A vampire mosquito (D:9)
  2 water moccasins
  An orc warrior (D:8)
  A sky beast (D:7)
  2 ogres
  4 wolves (D:9)
  A centaur (D:7)
  2 lemures (D:8)
  2 phantoms (D:4)
  A kobold brigand (D:8)
  4 bullfrogs
  A necrophage (D:4)
  A gnoll sergeant (D:9)
  6 scorpions
  5 wights
  A howler monkey (D:4)
  2 quasits (D:9)
  3 jellies
  An orc priest (D:4)
  4 hounds
  Ijyb (D:4)
  3 iguanas (D:5)
  Natasha (thrice) (D:2)
  3 orc wizards
  3 scorpion zombies (D:3)
  Robin (D:2)
  9 adders
  11 gnolls
  4 river rats
  A white imp (D:5)
  2 ufetubi
  A worm (D:6)
  3 dart slugs
  22 orcs
  5 bats
  7 endoplasms
  6 giant cockroaches
  5 hobgoblins
  10 jackals
  3 quokkas
  14 ball pythons
  10 frilled lizards
  9 goblins
  10 kobolds
  18 rats
  A butterfly (D:4)
226 creatures vanquished.

Vanquished Creatures (others)
  2 demonic plants (D:9)
2 creatures vanquished.

Grand Total: 228 creatures vanquished

Table legend:
 A = Non-vault XP
 B = Vault XP
 C = Vault XP percentage of total XP
 D = Non-vault monster count
 E = Vault monster count
 F = Vault count percentage of total count
                 A         B        C        D         E       F
            +---------+---------+-------+---------+---------+-------
      Total |    7283 |    1927 |  20.9 |     167 |      56 |  25.1
            +---------+---------+-------+---------+---------+-------
        D:1 |      38 |       0 |   0.0 |      23 |       0 |   0.0
        D:2 |     166 |      59 |  26.2 |      13 |       8 |  38.1
        D:3 |     180 |     118 |  39.6 |      25 |       9 |  26.5
        D:4 |     757 |      36 |   4.5 |      27 |       1 |   3.6
        D:5 |     626 |       0 |   0.0 |      15 |       0 |   0.0
        D:6 |     352 |     169 |  32.4 |       8 |       6 |  42.9
        D:7 |     840 |       0 |   0.0 |      10 |       0 |   0.0
        D:8 |    2601 |     571 |  18.0 |      27 |       1 |   3.6
        D:9 |    1723 |     900 |  34.3 |      19 |       7 |  26.9
      Sewer |       0 |      74 | 100.0 |       0 |      24 | 100.0
            +---------+---------+-------+---------+---------+-------

Illustrated notes

Table legend:
 A = Kills in this place as a percentage of kills in entire the game.
 B = Kills by you in this place as a percentage of kills by you in the entire game.
 C = Kills by friends in this place as a percentage of kills by friends in the entire game.
 D = Other kills in this place as a percentage of other kills in the entire game.
 E = Experience gained in this place as a percentage of experience gained in the entire game.
 F = Experience gained in this place divided by the number of levels of this place that you have seen.
                   A       B       C       D       E      F
               +-------+-------+-------+-------+-------+----------------------
         Total | 100.0 | 100.0 |   N/A |   N/A | 100.0 | 837.3
       Dungeon |  89.2 |  89.2 |   N/A |   N/A |  99.2 | 1015.1
         Sewer |  10.8 |  10.8 |   N/A |   N/A |   0.8 |  74.0
               +-------+-------+-------+-------+-------+----------------------

Table legend: (Time is in decaauts)
 A = Elapsed time spent in this place.
 B = Non-inter-level travel time spent in this place.
 C = Inter-level travel time spent in this place.
 D = Time resting spent in this place.
 E = Time spent auto-exploring this place.
 F = Levels seen in this place.
 G = Mean time per level.
                   A        B        C        D        E       F      G
               +--------+--------+--------+--------+--------+-----+--------+
         Total |  13817 |  13214 |    603 |   3856 |   7247 |  11 | 1256.1 |
       Dungeon |  13345 |  12771 |    574 |   3856 |   6900 |   9 | 1482.8 |
        Temple |     85 |     56 |     29 |      0 |     47 |   1 |   85.0 |
         Sewer |    385 |    385 |      0 |      0 |    300 |   1 |  385.0 |
               +--------+--------+--------+--------+--------+-----+--------+

Top non-repeatable levels by time:
     D:8: 2092 daAuts
     D:4: 1787 daAuts
     D:3: 1581 daAuts
     D:1: 1479 daAuts
     D:7: 1466 daAuts
     D:5: 1385 daAuts
     D:6: 1333 daAuts
     D:9: 1142 daAuts
     D:2: 1076 daAuts
   Sewer: 385 daAuts
  Temple: 85 daAuts
